 Dungeon Crawl Stone Soup version 0.20.0-6-gd3061e9 (webtiles) character file.

169 tv1990 the Shield-Bearer (level 5, -4/40 HPs)
             Began as a Formicid Enchanter on May 28, 2017.
             Was an Initiate of Qazlal.
             Slain by Menkaure (17 damage)
             ... on level 5 of the Dungeon.
             The game lasted 00:10:38 (4087 turns).

tv1990 the Shield-Bearer (Formicid Enchanter)       Turns: 4087, Time: 00:10:38

Health: -4/40      AC:  8    Str: 17    XL:     5   Next: 79%
Magic:  8/8        EV:  6    Int: 15    God:    Qazlal [......]
Gold:   65         SH:  9    Dex: 12    Spells: 7/8 levels left

rFire    . . .     SeeInvis +   n - +0 spear
rCold    . . .     Gourm    .   e - +0 shield
rNeg     . . .     Faith    .   k - +0 chain mail
rPois    .         Spirit   .   (helmet unavailable)
rElec    .         Reflect  .   (no cloak)
rCorr    .         Harm     .   (no gloves)
MR       .....                  (no boots)
Stlth    ..........             (no amulet)
Regen    0.2/turn               l - ring of stealth
MPRegen  0.2/turn               (no ring)

@: mighty
A: permanent stasis, dig shafts and tunnels, four strong arms, antennae 3
a: Dig, Shaft Self, Renounce Religion


You were on level 5 of the Dungeon.
You worshipped Qazlal.
Qazlal was noncommittal.
You were not hungry.

You visited 1 branch of the dungeon, and saw 6 of its levels.

You collected 65 gold pieces.

Inventory:

Hand Weapons
 a - a +1 dagger
 m - a +0 whip
 n - a +0 spear (weapon)
 p - a +0 dagger of venom
Armour
 b - a +0 robe
 e - a +0 shield (worn)
 f - a +0 leather armour
 k - a +0 chain mail (worn)
 q - a +0 ring mail
Jewellery
 l - a ring of stealth (left hand)
Wands
 o - a wand of lightning (4/15)
Potions
 h - a potion of heal wounds
 i - 2 potions of curing
 j - a potion of might
Books
 c - a book of Maledictions

   Spells                             Type                      Level
   a - Corona                         Hexes                        1
   b - Ensorcelled Hibernation        Hexes/Ice                    2
   c - Confuse                        Hexes                        3
   d - Tukima's Dance                 Hexes                        3
   e - Dazzling Spray                 Conjuration/Hexes            3
Comestibles
 d - 3 bread rations
 g - a royal jelly
 r - 2 chunks of flesh


   Skills:
 + Level 2.8 Fighting
 - Level 1.0 Short Blades
 - Level 1.7 Dodging
 - Level 3.6 Stealth
 * Level 5.0 Shields
 - Level 2.1 Spellcasting
 - Level 3.6 Hexes
 + Level 0.0 Invocations


You had 7 spell levels left.
You knew the following spells:

 Your Spells              Type           Power        Failure   Level  Hunger
a - Corona                Hex            ##.....      91%         1    #......


Dungeon Overview and Level Annotations

Branches:
Dungeon (6/15)
 Temple: D:4-7

Altars:
Qazlal
Uskayaw

Annotations:
D:5 Menkaure, Pikel


Innate Abilities, Weirdness & Mutations

You cannot be hasted, slowed, berserked, paralysed or teleported.
You can dig through walls and to a lower floor.
Your four strong arms can wield two-handed weapons with a shield.
You have a pair of large antennae on your head. (SInv)


Message History

The worm is almost dead.
You completely miss the worm.
The worm is almost dead.
Menkaure calls on the powers of darkness!
Your body is wracked with pain!
The worm bites you.
* * * LOW HITPOINT WARNING * * *
You puncture the worm!
You kill the worm!
Qazlal accepts your kill.
Your Shields skill increases to level 5!
You puncture Menkaure!
Menkaure is heavily damaged.
Menkaure casts a spell at you. Pain shoots through your body!
* * * LOW HITPOINT WARNING * * *
You block Menkaure's attack.
You puncture Menkaure!
Menkaure is severely damaged.
Menkaure hits you!
You die... ...#############.# ......M@.>.......# ...###############

You could see Menkaure.

Vanquished Creatures
  A bullfrog skeleton (D:6)
  An orc priest (D:5)
  5 adders
  An ooze (D:2)
  2 worms
  3 dart slugs
  2 orcs
  A ball python (D:5)
  A bat (D:1)
  A giant cockroach (D:6)
  4 hobgoblins
  6 jackals
  3 frilled lizards (D:2)
  7 goblins
  7 kobolds
  7 rats
52 creatures vanquished.

Notes
Turn   | Place    | Note
-------+----------+-------------------------------------------
     0 | D:1      | tv1990 the Formicid Enchanter began the quest for the Orb.
     0 | D:1      | Reached XP level 1. HP: 13/13 MP: 3/3
   119 | D:1      | You fall through a shaft!
   312 | D:2      | Reached skill level 1 in Shields
   343 | D:2      | Reached skill level 2 in Shields
   343 | D:2      | Reached XP level 2. HP: 20/20 MP: 5/5
   432 | D:2      | Reached skill level 1 in Fighting
   780 | D:2      | Reached XP level 3. HP: 20/26 MP: 6/6
  1156 | D:1      | Reached skill level 3 in Shields
  1321 | D:1      | Reached XP level 4. HP: 29/32 MP: 7/7
  2302 | D:2      | Reached skill level 4 in Shields
  2870 | D:3      | You fall through a shaft for 2 floors!
  2870 | D:5      | Entered Level 5 of the Dungeon
  3237 | D:5      | Noticed Pikel
  3237 | D:5      | Noticed a slave
  3237 | D:5      | Noticed a slave
  3268 | D:5      | Reached XP level 5. HP: 20/39 MP: 8/8
  3275 | D:5      | Noticed a slave
  3292 | D:4      | Found a hide-covered altar of Uskayaw.
  3333 | D:4      | You fall through a shaft!
  3340 | D:5      | Noticed an ogre
  3351 | D:5      | Noticed a slave
  3354 | D:5      | You fall through a shaft!
  3964 | D:6      | Found a stormy altar of Qazlal.
  3972 | D:6      | Noticed a phantom
  3973 | D:6      | Became a worshipper of Qazlal Stormbringer
  4079 | D:5      | Noticed Menkaure
  4085 | D:5      | Reached skill level 5 in Shields
  4087 | D:5      | Slain by Menkaure

Skill      XL: |  1  2  3  4  5 |
---------------+----------------+-----
Shields        | 2 3 4 5 |  5.0
Fighting       | 1 2 |  2.8
Short Blades   | |  1.0
Dodging        | |  1.7
Stealth        | |  3.6
Spellcasting   | |  2.1
Hexes          | |  3.6

Action                   |  1- 3 |  4- 6 || total
-------------------------+-------+-------++-------
Melee: Dagger            |    86 |     9 ||    95
       Spear             |       |   148 ||   148
       Whip              |       |    47 ||    47
 Abil: Shaft Self        |     1 |     3 ||     4
       Dig               |       |     6 ||     6
Evoke: Wand              |       |     1 ||     1
  Use: Scroll            |       |     5 ||     5
       Potion            |       |     2 ||     2
 Stab: Sleeping          |     2 |     6 ||     8
  Eat: Chunk             |     2 |     9 ||    11
       Bread ration      |       |     1 ||     1
Armor: Robe              |     4 |       ||     4
       Leather armour    |    18 |    18 ||    36
       Ring mail         |       |    19 ||    19
       Chain mail        |       |     3 ||     3
Dodge: Dodged            |    24 |    56 ||    80
Block: Shield            |    24 |    65 ||    89

Vault maps used:
D:1:      dpeg_arrival_houses_and_road
D:2:      moated_statue, dk_noncrumbling_2
D:3:      marbit_many_paths, minivault_14
D:4:      eat_drink_and_be_merry_uskayaw, grunt_temple_overflow_open,
          led_sif_book, kennysheep_generic_room_7
D:5:      kennysheep_mini, first_bread, small_statue_intersection,
          uniq_menkaure, uniq_pikel
D:6:      lemuel_slime, lemuel_crystal_altar, overflow_temple_1_default,
          kennysheep_mini_moat, trog_ov_bears_minmay
